[Event "44th Chess Olympiad Women 2022"]
[Site "Chennai"]
[Date "2022.08.03"]
[Round "6.14"]
[White "Terao, Juliana Sayumi"]
[Black "Sucikova, Svetlana"]
[Result "1-0"]
[WhiteElo "2223"]
[BlackElo "2188"]
[Annotator "RC"]
[PlyCount "95"]
[EventDate "2022.??.??"]
[TimeControl "60"]

1. e4 c6 2. d4 d5 3. e5 Bf5 4. h4 h5 5. Bd3 Bxd3 6. Qxd3 e6 7. Bg5 Be7 8. Nf3 Nh6 9. Nbd2 Nf5 10. c4 O-O 11. Bxe7 Qxe7 12. g3 dxc4 13. Qxc4 Rd8 14. O-O Na6 15. a3 Qd7 16. Nb3 Qd5 17. Qc3 Qb5 18. Rad1 Rd7 19. Rd2 Rad8 20. Rfd1 Qd5 21. Nc5 Re7 22. b4 Nc7 23. a4 b6 24. Nb3 Qe4 25. Rd3 Nd5 26. Qd2 Red7 27. Ng5 Qg4 28. Re1 Nh6 29. Rf3 f5 30. exf6 gxf6 31. Re4 fxg5 32. Rxg4 hxg4 33. Qxg5+ Kh7 34. Rd3 Rf8 35. Qe5 Rf5 36. Qe4 Rdf7 37. Rd2 R7f6 38. b5 cxb5 39. axb5 Nf7 40. Rc2 Nd6 41. Qxg4 Rg6 42. Qe2 Nf4 43. Qe1 Rxb5 44. Nd2 Rf5 45. Nf3 Nh3+ 46. Kg2 Nf4+ 47. Kh2 Nd5 48. Ng5+ 1-0

[Event "44th Chess Olympiad Women 2022"]
[Site "Chennai"]
[Date "2022.08.03"]
[Round "6.15"]
[White "Medic, Mirjana"]
[Black "Unuk, Laura"]
[Result "1/2-1/2"]
[WhiteElo "2194"]
[BlackElo "2340"]
[Annotator "TA"]
[PlyCount "87"]
[EventDate "2022.??.??"]
[TimeControl "60"]

1.
d4 Nf6 2. c4 e6 3. Nf3 b6 4. g3 Ba6 5. b3 Bb4+ 6. Bd2 Be7 7. Bg2 d5 8.
cxd5 exd5 9. O-O {[%emt 0:01:51] E15:
Queen's Indian: 4 g3 sidelines, 4 g3 Ba6 and 4 g3 Bb7 early deviations.} O-O 10. Bf4 Nbd7 11. Nc3 {
[%emt 0:05:33] The position is equal.} Rc8 12. Ne5 {[%emt 0:
00:00] Nc6 is the strong threat.} c6 {[%emt 0:01:04] [#]} 13. Nd3 $146 ({Predecessor:} 13. Rc1 Ba3 14. Rc2 Nxe5 15. Bxe5 Nd7 16. Bf4
Re8 17. Re1 Nf6 18. Bh3 Ra8 19. Nb1 {1-0 (54) Arkell,K (2381)-Tarasova,V (2226)
Chess.com INT 2021}) 13... Re8 14. Re1 Bf8 15. Rc1 Ne4 16. Nxe4 dxe4 17. Ne5 Nxe5 18. dxe5 Bb4 19. Qxd8 Rexd8 20. Red1 Bxe2 21.
Rxd8+ Rxd8 22. Bxe4 c5 23. Be3 h6 24. f3 a5 25. Kf2 Bb5 26.
Bc2 a4 27. bxa4 Bc4 28. Bb3 Bxb3 29. axb3 $14 {
[%emt 0:00:02] Endgame KRB-KRB} Rd3 30. Rb1 Rc3 31. f4 Kf8 ({Better is} 
31... f5 $14) 32. Kf3 $1 $16 Ke7 33. Ke4 Rc2 {[%emt 0:00:53] Prevents Bd2.} 34. h3 Rg2 35. Kf3 Rc2 36. g4 (36. f5 $16) 36... f6 (36... Rh2 $1 $14) 37. exf6+ $1 Kxf6 (37... gxf6 $16 {was worth a try.} 38.
f5 Bd2) 38. Rd1 $18 {[%emt 0:04:20] Black must now prevent Rd6+.} Ke7 {[%emt 0:
00:45] Against Rd6} 39. Rd3 Rh2 40. Ke4 $1 Ke8 (40... g6 {was called for.} 41. g5 (41. f5
g5 $16) 41... hxg5) 41. f5 {[%emt 0:33:45] And now Bf4 would win.} Rxh3 42. Rd6 Ba5 {[%emt 0:01:48] [#]} (42... Rh4
$142 43. Rxb6 Rxg4+ 44. Kf3 Rh4) 43. Rg6 $1 Kf7 {[%emt 0:07:
36] [#]} 44. Rd6 $2 {[%emt 0:00:00] Weighted Error Value: White=0.06 (flawless)
/Black=0.18 (very precise)} (44. Bf4 $1 $18 ) 1/2-1/2

[Event "44th Chess Olympiad Women 2022"]
[Site "Chennai"]
[Date "2022.08.03"]
[Round "6.15"]
[White "Radikovic, Anamarija"]
[Black "Janzelj, Lara"]
[Result "1-0"]
[WhiteElo "2099"]
[BlackElo "2215"]
[Annotator "TA"]
[PlyCount "61"]
[EventDate "2022.??.??"]
[TimeControl "60"]

1. e4 e5 2.
Nf3 Nc6 3. Bb5 a6 4. Ba4 Nf6 5. O-O Be7 6. Re1 b5 7. Bb3 d6 8. c3 O-O 9. h3 Bb7 10. d4 Nd7 11. Nbd2 Na5 {[%emt 0:02:17] C92: Closed Ruy
Lopez: 9...Be6, Karpov and Flohr-Zaitsev Variations.} 12. Bc2 c5 13. Nf1 Rc8 (13... exd4
$11 14. cxd4 Nc6) 14. Ng3 (14. d5 $16) 14... cxd4 15. cxd4 Qc7 {[%emt 0:02:16] [#]} 16. Nf5 $146 ({Predecessor:} 16. Bd3 Bf6 17. Be3 exd4 18. Nxd4 Ne5 19. Rc1 Qd7 20.
Bb1 Nac4 21. f4 Nxe3 22. Rxe3 Rxc1 23. Qxc1 Nc4 24. Rd3 Qd8 25. b3 Qb6 26. bxc4
Bxd4+ {0-1 (42) Santaella Amate,S-Poveda Jimenez,J Malaga 1999}) 16... Rfe8 (16... Bf6 $11 17. Re2 exd4) 17. Bb3 {[%emt 0:23:24] White is
more active.} (17. Bb1 $14) 17... Nxb3 18. Qxb3 exd4 19. Ng5 (19. N3xd4 $11 {keeps the
balance.} Bf6 20. Qg3 Bxd4 21. Nxd4 Bxe4 22. Bf4) 19... Bxg5 (
{Black should try} 19... d5 $17 {Strongly threatening ...Bf8.} 20. exd5 Bf8 21.
Rxe8 Rxe8) 20. Bxg5 $40 {[%emt 0:00:07] Threatens to win with Rac1. White
attacks.} Bxe4 (20... Nc5 $2 21. Qg3 f6 22. Bxf6 Nxe4 23. Rxe4
$1 Bxe4 24. Nxg7 $18) 21. Rxe4 Rxe4 $15 22.
Qg3 $1 {[%emt 0:00:05][%cal Yg5d8] Bd8! is the strong threat.} Re6 $2 {[%emt 0:
06:37] [#] Loses the game.} (22... Qc5 $15 23. Nxd6 {[#]} Re6 $1) 23. Bd8 $1
$18 Qc1+ (23... g6 24.
Bxc7) 24. Rxc1 Rxc1+ 25. Kh2 g6 26. Qf4 {[%emt 0:07:45]
Threatening mate with Nh6+.} Rce1 27. Nh6+ {[%emt 0:01:20]
White mates.} Kg7 28. Qxf7+ Kxh6 29. Qxd7 d3 30. Qf7 g5 31. Bf6 {[%emt 0:00:00] Weighted Error Value: White=0.30/
Black=0.84} 1-0

[Event "44th Chess Olympiad Women 2022"]
[Site "Chennai"]
[Date "2022.08.03"]
[Round "6.15"]
[White "Urh, Zala"]
[Black "Berke, Ana"]
[Result "0-1"]
[WhiteElo "2321"]
[BlackElo "2163"]
[Annotator "TA"]
[PlyCount "68"]
[EventDate "2022.??.??"]
[TimeControl "60"]

1. d4 Nf6 2.
c4 e6 3. Nc3 Bb4 4. e3 O-O 5. Bd3 d5 6. cxd5 exd5 7. a3 {[%emt 0:
00:00] E48: Nimzo-Indian: Rubinstein: 5 Bd3 d5 including 6 Ne2, but excluding
6 a3.} Bd6 8. Qc2 c6 9. Nge2
{[%emt 0:03:42] The position is equal.} Re8 10. Bd2 {[%emt 0:
00:00] [#]} Bg4 $146 (10... b6 $15 {keeps the upper hand.}) ({
Predecessor:} 10... b6 11. f3 c5 12. g4 c4 13. Bf5 Bxf5 14. Qxf5 g6 15. Qg5 Nc6
16. O-O Bf8 {1-0 (58) Firouzja,A (2804)-Dominguez Perez,L (2753) Bucharest 2022
}) 11. f3 $16 Bh5 12.
O-O-O b5 ({Better is} 12... Bg6) 13. e4 dxe4 14. fxe4 (14. Nxe4 $6
Bg6 $14) 14... b4 15. axb4 {[%emt 0:05:39] Threatens to win
with e5.} Bxb4 16. e5 Bxc3 17. Bxc3 ({Don't play} 17. Qxc3 $6 Nd5 18. Qc2 Bxe2 19. Bxe2
Qb6 $11) (17. bxc3 $6 Bg6 $16) (17. Nxc3 $142 Bxd1 18. Rxd1) 17... Nd5 18. Rde1 ({Only move:} 18. Bxh7+ $16 Kh8 19.
Be4) 18... Bg6 $11 19. Ng3 (19. Bxg6 $1 $11 {
remains equal.} hxg6 20. h4) 19... Na6 $36 {[%emt 0:13:13] [#] aiming for ...
Nab4. Black is really pushing. Pair of Knights!} 20. Bxg6 hxg6 ({But not} 20... fxg6 21. Ne4 $11) 21. Ne4 Rb8 22. Nd6 Rf8 {[%emt 0:02:53] White must
now prevent ...Nab4.} 23. Rhf1 Nab4 24. Bxb4 Nxb4 {[%emt 0:00:30] Chess con chili.} 25. Qc4 (25. Qe2 $142) 25... Qa5 {[%emt 0:06:27] [#] Hoping for ...Qa1+.} 26. Kb1 {
[%emt 0:06:02][%cal Rf1f7] Prevents Qa1+.} Nd5 27. Ne4 {
[%emt 0:01:44] Inhibits Qd2.} (27. Qc2 $17) 27... Rb4 $19 28.
Qc5 Qa3 29. Rf2 Rfb8 30. Ree2 Qd3+ 31. Kc1 Rc4+ (31... Ra4
$142 32. Nf6+ gxf6 33. Qa5 Rxa5 34. b4 Qc3+ 35. Rc2 Ra1#) 32. Qxc4 {[%emt 0:00:
23] Black is clearly winning.} Qxc4+ 33. Rc2 Qxd4 34. Nd6 Qxe5 {[%emt 0:00:39] Black used
his chance. Weighted Error Value: White=0.73/Black=0.29 (precise)} 0-1

[Event "44th Chess Olympiad Women 2022"]
[Site "Chennai"]
[Date "2022.08.03"]
[Round "6.15"]
[White "Vidic, Teja"]
[Black "Ivekovic, Tihana"]
[Result "1-0"]
[WhiteElo "2099"]
[BlackElo "2082"]
[Annotator "NA RC"]
[PlyCount "86"]
[EventDate "2022.??.??"]
[TimeControl "60"]

1. e4 e6 2. d4 d5 3. Nc3 Bb4 4. e5 c5 5. a3 Bxc3+ 6. bxc3 Ne7 7. Qg4 Qc7 8. Qxg7 Rg8 9. Qxh7 cxd4 10. Qd3 dxc3 11. Ne2 Qxe5 12. Qxc3 Nbc6 13. Qxe5 Nxe5 14. Bb2 Nc4 15. Bc3 Bd7 16. Ng3 O-O-O 17. h4 Ba4 18. Bf6 Rd7 19. Bd3 Nd6 20. h5 Ne8 21. Bb2 f6 22. O-O-O Rc7 23.
Rh4 Bd7 24. h6 e5 25. h7 Rh8 26. Rdh1 e4 27. Be2 Nf5 28. Rf4 Nxg3 29. fxg3 Be6 30. Bb5 Bd7 31. Bxd7+ Rxd7 32. Rfh4 Rg7 33. Rh6 Kd7 34. g4 Ke6 35. R1h5 Kf7 36. g5 Rg6 37. g4 a6 38. Kd2 Rxh6 39. Rxh6 Kg7 40. Rh5 e3+ 41. Kxe3 Kg6 42. gxf6 Nxf6 43. Bxf6 Kxf6 1-0

[Event "44th Chess Olympiad Women 2022"]
[Site "Chennai"]
[Date "2022.08.03"]
[Round "6.16"]
[White "Elansary, Eman"]
[Black "Makka, Ioulia"]
[Result "0-1"]
[WhiteElo "1936"]
[BlackElo "1975"]
[Annotator "NA RC"]
[PlyCount "124"]
[EventDate "2022.??.??"]
[TimeControl "60"]

1. d4 Nf6 2. Bg5 e6 3. e4 h6 4. Bxf6 Qxf6 5. c3 d5 6. Nd2 dxe4 7. Nxe4 Qd8 8. Nf3 Be7 9. Bd3 Nd7 10. Qe2 a6 11. Rd1 O-O 12. O-O Re8 13.
Bb1 Nf8 14. Rfe1 c6 15. Ne5 f6 16. Nc4 Qc7 17. Qh5 Rd8 18.
Ne3 f5 19. Nc5 b6 20. Nd3 Bf6 21. Nc4 Bd7 22. Qe2 Ra7 23. Nce5 Be8 24. a3 Qd6 25. Ba2 Re7 26. f4 Kh7 27. Qf3 Rc8 28. g4 g6 29. Qh3 Bg7 30.
Re2 c5 31. dxc5 bxc5 32. Red2 Qb8 33. Qe3 Qc7 34. g5 hxg5 35. fxg5 Bb5 36. Bc4 Bxc4 37. Nxc4 e5 38. Nf2 e4 39. Rd6 Re6 40. Qf4 Qe7 41. Qh4+ Kg8 42. Nh3 Rxd6 43. Rxd6 Rd8 44. Qf4 Be5 45. Qxe5 Qxe5 46. Nxe5 Rxd6 47. Nf4 Rd1+ 48. Kf2 Rd2+ 49. Kg3 Rxb2 50. h4 Rb3 51. Nd5 Rxa3 52. Nc4 Ra1 53. Kf4 Nd7 54. h5 Rf1+ 55. Kg3 gxh5 56. Nce3 Rf3+ 57. Kh4 f4 58. Nf5 Kf7 59. Kxh5 Ke6 60. Nde7 Ne5 61. Kh4 Rf1 62. Kh3 e3 0-1

[Event "44th Chess Olympiad Women 2022"]
[Site "Chennai"]
[Date "2022.08.03"]
[Round "6.16"]
[White "Markantonaki, Haritomeni"]
[Black "Wafa, Shahenda"]
[Result "1-0"]
[WhiteElo "2154"]
[BlackElo "2115"]
[Annotator "TA"]
[PlyCount "129"]
[EventDate "2022.??.??"]
[TimeControl "60"]

1. e4 c5 2. Nf3 d6 3. d4 cxd4 4. Nxd4 Nf6 5. Nc3 g6 6. Be3 Bg7 7. f3 O-O 8. Qd2 Nc6 9. O-O-O Nxd4 10. Bxd4 Be6 11. Kb1 Qa5 ({Better is} 11... Rc8 $14) 12.
Nd5 $1 $16 {[%emt 0:07:36] B76: Sicilian Dragon: Yugoslav Attack, 9 g4 and 9
0-0-0.} Qxd2 {[%emt 0:04:55][%cal Rd2d1] [#]} 13. Nxe7+ (13.
Rxd2 Bxd5 14. exd5 Bh6 $11) 13... Kh8 14. Rxd2 {
[%emt 0:00:04] White is better.} Rfe8 15. Bxf6 Bxf6 16. Nd5 Bg5 17. Rd1 {
[%emt 0:01:37] Hoping for Nc7.} Rac8 {[%emt 0:00:51] Inhibits Nc7.} 18. h4 Bh6 19. h5 {[%emt 0:06:03] 
[#] hxg6 is the strong threat.} g5 $146 ({Predecessor:} 19...
Kg7 20. hxg6 hxg6 21. Bb5 Red8 22. Ba4 Bxd5 23. Rxd5 Rc5 24. Rhd1 Rxd5 25. Rxd5
Bf4 {0-1 (48) Wessel,J (1619)-Guennigmann,S (1686) Muensterland 2002}) 20. Bb5 Red8 21. Ba4 {
[%emt 0:01:16] White is more active.} Rc5 22. Bb3 b5 23. Ne3 Bg7 24. Rd3 Bc4 (24... a5 $16 {might work better.} 25.
Ng4 a4) 25. Bxc4 $18 bxc4 26. Ra3 Rb8 27. b3 ({Worse is} 27. Rxa7 Bxb2
28. c3 Bxc3+ 29. Kc2 Bd4 $15) 27... a5 28. Rd1 {[%emt 0:02:15]
Inhibits Bd4.} cxb3 29. axb3 Be5 30. Rd5 Rxd5 (30... Bf4 {is a better
defense.}) 31. Nxd5 {[%emt 0:02:20] Endgame KRB-KRN} ({Less strong is} 31. exd5
Re8 $16) 31... Rb5 32. c4 Rc5 33. Kc2 {[%emt 0:00:00] [#] Threatens to win with h6.} Kg7 34. Kd3 Bg3 35. Ne3 {[%emt 0:01:07] Strongly
threatening Nf5+.} Kf6 36. Nf5 Be5 37. g3 Ke6 38. Ra2 Kd7 39. Rf2 Rc7 40. f4 gxf4 41. gxf4 Bf6 42. Ra2 Rb7 43. Kc2 Bd8 44. Ra1 Ke6 45. Rd1 Rd7 (45...
Bc7 {was called for.} 46. Nd4+ Kf6) 46. Nd4+ Kf6 (46... Ke7 $142 47. Nc6+ Ke8 48. Nxd8 Rxd8) 47. Nc6 Bc7 (47... Bb6 $142 48. Rd5 Ke6 49. f5+ Kf6) 48. Rd5 Bb6 49. Nxa5 Ke6 50.
Nc6 Rc7 51. Nd4+ Bxd4 52. Rxd4 {[%emt 0:00:00] KR-KR} Ra7 53. Kb2 f6 54. b4 Rg7 55. Kb3 Rg3+ 56. Ka4 Rh3 57. b5 Rxh5 58. f5+ Ke5 59. Rd5+ Kxe4 60. b6 {[%emt 0:00:00] b7 would kill now.
} Rh1 61. b7 {[%emt 0:00:00] White wants to mate with Kb5.}
Ra1+ 62. Kb5 {[%emt 0:00:00] Intending Kb6 and mate.} h5 63. Kc6 (63. Rd4+ Kxd4 64. Kc6 Rb1 65. Kc7
Kxc4 66. b8=Q Rxb8 67. Kxb8 h4 68. Kb7 h3 69. Kc7 Kd5 70. Kd7 h2 71. Ke8 h1=Q
72. Kf7 Ke5 73. Ke7 Qb7+ 74. Ke8 Kxf5 75. Kf8 Kg6 76. Ke8 Qc7 77. Kf8 Qf7#)
63... Ra6+ 64. Kb5 Ra1 $1 65. Kb6 {[%emt 0:00:05] Weighted Error Value: White=0.23 (precise) / Black=0.37
} (65. Rd4+ Kxd4 66. Kc6 Rb1 67. Kc7 h4 68. b8=Q Rxb8 69. Kxb8 h3 70. Kc7 Kxc4
71. Kd8 h2 72. Kd7 h1=Q 73. Ke7 Qh8 74. Ke6 Qg7 75. Kxd6 Qf7 76. Kc6 Qe7 77.
Kb6 Qd7 78. Ka6 Kc5 79. Ka5 Qb5#) 1-0

[Event "44th Chess Olympiad Women 2022"]
[Site "Chennai"]
[Date "2022.08.03"]
[Round "6.16"]
[White "Mona, Khaled"]
[Black "Avramidou, Anastasia"]
[Result "1/2-1/2"]
[WhiteElo "2127"]
[BlackElo "2274"]
[Annotator "TA"]
[PlyCount "153"]
[EventDate "2022.??.??"]
[TimeControl "60"]

1. d4 Nf6 2. Nf3 g6 3. Bf4 Bg7 4. e3 O-O 5. Be2 d6 6. h3 Nbd7 7. O-O b6 8. c4 Bb7 9. Nc3 Re8 10. Qc2 e5 11. Bh2 exd4 12. exd4 Ne4 {[%emt 0:07:49] E61: King's Indian: Early deviations for
White, including Smyslov System.} 13. Nd5 Ndf6 14. Ne3 (14. Nf4 $15) 14... Qe7 {[%emt 0:07:49][%cal Ye4f2]
White must now prevent ...Nxf2! Black is clearly better.} 15. Qd3 Bh6 16. Nc2 {[%emt 0:12:00] [#]} Ng3 $1 {
[%emt 0:12:18] [#]} 17. fxg3 $146 ({Predecessor:} 17. Bxg3
Qxe2 18. Qb3 Bxf3 19. gxf3 Nh5 20. Rfe1 Qd2 21. Rad1 Qg5 22. Kh2 Nf4 23. Ne3 {
½-½ (86) Weetik,V (2423)-Seemann,J (2302) Chess.com INT 2021}) 17... Qxe2 18. Qxe2 Rxe2 19. Rf2 Rae8 20. d5 (20. g4 $17)
20... Rxf2 21. Kxf2 b5 (
21... Ba6 $19 22. b3 Nxd5 $1) 22. cxb5 $17 Bxd5 23. b3 (23. g4 $17 {was called for.}) 23... Ne4+ $19 24. Kf1 Nc3 25. Nfd4 (25. Nb4 $142) 25... Bg7 26. a4 {[%emt 0:03:
44] [#]} Ne4 (26... a6 $1 $19 {aiming for ...axb5.} 27. g4
axb5 28. axb5 Re4) 27. Rd1 $17 Nc5 (27... f5
$17 {And now ...Nc5 would win.} 28. Nxf5 Bxb3 29. Nxg7 Kxg7) 28. Nb4 $15 Bxb3 ({Much weaker is} 28... Nxb3 29. Nxd5
Bxd4 30. Rxd4 (30. Rd3 Re5 $11) 30... Nxd4 31. Nf6+ Kf8 32. Nxe8 Kxe8 33. Bg1
$11) (28... Be4 $5 ) 29. Nxb3 Nxb3 30. Nd5 Re4 31. Nxc7 Be5 32. a5 Nxa5 33. Bg1 Rb4 34. Bxa7 Nc4 (34... Bxg3 $15 {is more appropriate.} 35. Bd4 Be5 36. Bxe5 dxe5) 35. Rd5 (35. g4 $11) 35... Bxg3 36. Ke2 Be5 37. Bd4 Bxd4 38.
Rxd4 {[%emt 0:00:04] Endgame KRN-KRN} Rb2+ $1 39. Kf3 Na3 40. Rd5 Kf8 41. Rxd6 Nxb5 42. Nxb5 {[%emt 0:00:14]
Threatens to win with Nd4.} Rxb5 {[%emt 0:00:15] KR-KR} 43. Ra6 Kg7 44. Kg3 Rb4 45. Kf3 h5 46. Rc6 g5 47. Ra6 f6 48. g4 Rb3+ 49. Kg2 Rb2+ 50. Kf3 {[%emt 0:00:38] [#]} h4 $1 51. Ra3 Kf7 52. Ke4 Rf2 53.
Rb3 Kg6 54. Kd5 Re2 55. Kd4 Re6 56. Kd5 Ra6 {[%emt 0:02:34] Hoping for ...f5.} 57. Ke4 {[%emt 0:00:28] Against
f5+} Kf7 58. Kd5 f5 (58...
Ra4 $17) 59. gxf5 Kf6 60. Ke4 Ra4+ 61. Kf3 Kxf5 62. Rb5+ Kg6 63. Kg2 Ra2+ 64. Kg1 Re2 65. Ra5 Kf6 66. Ra8 Kf5 67. Rf8+ Ke4 68. Kh1 Rd2 69. Rf7 Rd3 70. Kg2 Rg3+ 71. Kh2 Kd3 72. Rf5 Ke3 73. Ra5 Kd4 74. Ra4+ Ke5 75. Ra5+ Kd4 76. Ra4+ Ke5 77. Ra5+ {
[%emt 0:00:04] And White is the lucky defender. Weighted Error Value: White=0.
11 (very precise) /Black=0.10 (very precise)} 1/2-1/2

[Event "44th Chess Olympiad Women 2022"]
[Site "Chennai"]
[Date "2022.08.03"]
[Round "6.17"]
[White "Machlik, Edit"]
[Black "Bayarmaa, Bayarjargal"]
[Result "1-0"]
[WhiteElo "2084"]
[BlackElo "2171"]
[Annotator "TA"]
[PlyCount "73"]
[EventDate "2022.??.??"]
[TimeControl "60"]

1. d4 Nf6 2. c4 g6 3. g3 Bg7 4. Bg2 d6 5. Nc3 O-O 6. Nf3 Bg4 7. h3 Bf5 {[%emt 0:05:02] E62:
King's Indian: Fianchetto: 6...c6 and Panno Variation (6...Nc6) without ...a6.}
8. Nh4 Bc8 9. O-O Nc6 {
[%emt 0:00:29] [#] White is slightly better.} 10. Nf3 $146 ({
Predecessor:} 10. b3 e5 11. dxe5 Nxe5 12. Bb2 Re8 13. Qd2 Rb8 14. Rad1 Be6 15.
f4 Nc6 16. e4 {½-½ (46) Fish,G (2502)-Hoi,C (2419) Germany 2010}) 10... a6 11. Qd3 Nd7 12. e4 Rb8 13. d5 Nde5 14.
Nxe5 Nxe5 15. Qe2 c5 (15... b5 $11 {remains equal.}) 16. a4 (16. f4
$5 Nd7 17. a4 $11) 16... Qa5 17. f4 Nd7 18. Bd2 Qc7 19.
Kh2 Re8 20. Rae1 b6 21. Nd1 b5 22. axb5 axb5 23. Bc3 (23. cxb5 $16 Nb6 24.
Bc3) 23... Bxc3 24. Nxc3 bxc4 25. e5 Rb4 26. e6 Nf6 (26... fxe6 $11 27. Qxe6+ Kg7) 27. f5 $16 {[%emt 0:01:07]
White is more active.} fxe6 28. fxe6 Qb8 $2 {
[%emt 0:02:29] A mistake that costs the game.} (28... Ba6 $16) 29. Rf2 Bb7 30. Ref1 {[%emt 0:00:11] [#] And now Qd2
would win.} Kg7 $2 (30... Ba6 {is a better chance.} 31. Rxf6
exf6) 31. g4 Qa8 (31... Kg8
$142 32. Qe3 (32. g5 Nh5 $18) 32... Bc8) 32. Qd2 Ba6 33. g5 Nh5 34. Bf3 {[%emt 0:00:00] 
[#] Black must now prevent Bxh5.} Qb8 35. Bxh5 gxh5 36. Qc2 Kg8 37. Kg1 {
[%emt 0:00:32] Weighted Error Value: White=0.37/Black=0.69} 1-0

[Event "44th Chess Olympiad Women 2022"]
[Site "Chennai"]
[Date "2022.08.03"]
[Round "6.17"]
[White "Munkhzul, Davaakhuu"]
[Black "Rodsmoen, Maud"]
[Result "1-0"]
[WhiteElo "2095"]
[BlackElo "1975"]
[Annotator "NA RC"]
[PlyCount "67"]
[EventDate "2022.??.??"]
[TimeControl "60"]

1. e4 c5 2. Nf3 e6 3. d4 cxd4 4. Nxd4 Nc6 5. Nc3 Qc7 6. Be3 a6 7. Be2 Nf6 8. O-O Be7 9. f4 d6 10. Qe1 O-O 11. Qg3 Nxd4 12. Bxd4 b5 13.
a3 Bb7 14. Kh1 Bc6 15. Rae1 Qb7 16. Bd3 g6 17. f5 Rae8 18. Qh3 exf5 19. exf5 Kg7 20. Nd1 Bd8 21. Rxe8 Rxe8 22. Ne3 Re5 23. Bxe5 dxe5 24. fxg6 hxg6 25. Qg3 Nh5 26. Qxe5+ f6 27. Qe6 Bb6 28. Rf2 f5 29. Bxf5 Bxg2+ 30. Rxg2 Bxe3 31. Qxg6+ Kf8 32. Qg8+ Ke7 33.
Qh7+ Kf6 34. Qxb7 1-0

[Event "44th Chess Olympiad Women 2022"]
[Site "Chennai"]
[Date "2022.08.03"]
[Round "6.17"]
[White "Munkhzul, Turmunkh"]
[Black "Stanford, Sheila Barth"]
[Result "1/2-1/2"]
[WhiteElo "2277"]
[BlackElo "2097"]
[Annotator "TA"]
[PlyCount "124"]
[EventDate "2022.??.??"]
[TimeControl "60"]

1. e4 c5 2.
Nf3 e6 3. d4 cxd4 4. Nxd4 Nc6 5. Nc3 Qc7 6. Be3 a6 7. Qd2 {
[%emt 0:00:39] 7.g4 is the fancy move.} Nf6 8. O-O-O Be7 {[%emt 0:01:00] B48: Sicilian: Taimanov: 5 Nc3 Qc7 6 Be3 a6
without Be2.} 9. f3 b5 10. g4 {[%emt 0:00:37]
[%cal Yg2g4,Yg4g5] 10.Kb1 is vanishing.} Nxd4 11. Bxd4 Bb7 12. g5 Nh5 13. Be5 Qxe5 14. Qxd7+ Kf8 15. Qxb7 {[%emt 0:00:15] The board is on fire.} Bxg5+ 16. Kb1 Qb8 17. Rd7 Qxb7 18. Rxb7 Bf6 19. a4 Bxc3 20. bxc3 bxa4 21. Bxa6 g5 22. Bb5 Kg7 23. Rg1 h6 {[%emt 0:03:56] [#]}
24. c4 $146 ({Predecessor:} 24. h4 Rab8 25. Rxb8 Rxb8 26. c4
Kf6 27. hxg5+ hxg5 28. Kb2 Nf4 29. Ka3 Ne2 30. Rg4 {½-½ (44) Almasi,Z (2694)
-Hansen,E (2593) Linares 2014}) 24... Rhb8 25. Rxb8 Rxb8 $14 {[%emt 0:00:03] Endgame KRB-KRN} 26. Ka2 Nf4
{[%emt 0:06:55] The position is equal.} 27. Re1 {[%emt 0:01:30] Inhibits Ne2.}
Ng6 28. Ka3 Ne5 29. Rf1 Rc8 30. Kb4 a3 31. c5 a2 32. Ra1 Rb8 ({Much less strong is} 32... Nxf3 33. Rxa2 Ne5 34.
Ra6 $14) 33. c4 Nd3+ 34. Kc3 Nxc5 {[%emt 0:00:11] [#] aiming for .. .Ra8.} 35. Rxa2 Kf6 36. Ra7 g4 37. fxg4 Nxe4+ 38. Kd4 Nd2 39. h3 Rd8+ 40. Ke3 Nb3 41. Rc7 h5 42.
Ba4 Nd4 43. c5 hxg4 44. hxg4 Ra8 45. Bd7 Ke5 46. c6 Ra3+ 47. Kd2 $1 Kd6 48. Rc8 Ra6 49. Rf8 Nxc6 50. Bxc6 Rxc6 51. Rxf7 $11 {[%emt 0:00:00]
KR-KR} Rc4 52. Rg7 Ke5 53.
Kd3 Ra4 54. Rg6 Ra3+ 55. Ke2 Kf4 56. Kf2 e5 57. Rf6+ Kxg4 58. Ke2 Ra4 59. Ke3 Rf4 60. Rxf4+ {[%emt 0:00:00] [#] Remove
Defender} exf4+ 61. Kf2 f3 62. Kf1 Kg3 {[%emt 0:00:00] An interesting draw. Weighted
Error Value: White=0.03 (flawless) /Black=0.02 (flawless)} (62... Kf4 $5)
1/2-1/2

[Event "44th Chess Olympiad Women 2022"]
[Site "Chennai"]
[Date "2022.08.03"]
[Round "6.18"]
[White "Georgescu, Lena"]
[Black "Vargas, Gabriela"]
[Result "1-0"]
[WhiteElo "2279"]
[BlackElo "2140"]
[Annotator "NA RC"]
[PlyCount "78"]
[EventDate "2022.??.??"]
[TimeControl "60"]

1. e4 e6 2. d4 d5 3. Nc3 Nf6 4. Bg5 dxe4 5. Nxe4 Be7 6. Nxf6+ Bxf6 7. Bxf6 Qxf6 8. Nf3 c5 9. Bb5+ Bd7 10. Qe2 O-O 11. O-O-O cxd4 12. Rxd4 Bxb5 13. Qxb5 Nc6 14. Rd7 Rac8 15. Qg5 Qxg5+ 16. Nxg5 Ne5 17. Rxb7 Nd3+ 18. Kb1 Nxf2 19. Rf1 Rfd8 20. Rxf7 h6 21. Nxe6 Rd1+ 22. Rxd1 Kxf7 23. Rf1 Kxe6 24. Rxf2 Rc4 25. b3 Re4 26. Rd2 g5 27. Kb2 h5 28. c4 Kf5 29. c5 Re6 30. b4 Kf4 31. b5 Ke3 32. Rc2 Re5 33.
a4 Kd4 34. c6 Re8 35. c7 Rc8 36. a5 Kd5 37. b6 axb6 38. axb6 Kd6 39. b7 Kd5 1-0